 Dungeon Crawl Stone Soup version 0.21-a0-270-g8204059 (webtiles) character file.

19226 4thArraOfDagon the Cleaver (level 12, -10/90 (91) HPs)
             Began as a Vampire Warper on Sept 14, 2017.
             Was an Elder of Makhleb.
             Mangled by a white ugly thing (34 damage)
             ... on level 12 of the Dungeon.
             The game lasted 00:42:25 (6778 turns).

4thArraOfDagon the Cleaver (Vampire Warper)         Turns: 6778, Time: 00:42:27

HP:   -10/90 (91)   AC: 10    Str: 10      XL:     12   Next: 34%
MP:   36/36         EV: 16    Int: 19 (21) God:    Makhleb [****..]
Gold: 498           SH:  0    Dex: 16      Spells: 0/18 levels left

rFire    . . .     SeeInvis +   K - +5 war axe of Baeguux {elec, *Drain rPois rN+++ Dex+3}
rCold    . . .     Gourm    .   (no shield)
rNeg     + + +     Faith    .   P - +4 troll leather armour
rPois    +         Spirit   .   (no helmet)
rElec    .         Reflect  .   C - +1 cloak
rCorr    .         Harm     .   (no gloves)
MR       +....                  (no boots)
Stlth    +.........             y - amulet of magic regeneration
HPRegen  0.85/turn              j - ring of magical power
MPRegen  0.50/turn              R - ring of magical power

@: lethally poisoned (-10 -> -10), regenerating quickly
A: fangs 3, see invisible, unbreathing
a: Minor Destruction, Lesser Servant of Makhleb, Major Destruction, Renounce
Religion


You were on level 12 of the Dungeon.
You worshipped Makhleb.
Makhleb was greatly pleased with you.
You were very full.

You visited 1 branch of the dungeon, and saw 12 of its levels.
You also visited: Bailey.

You collected 654 gold pieces.
You spent 156 gold pieces at shops.

Inventory:

Hand Weapons
 a - a +0 falchion
 f - a +2 short sword of venom
 B - a -3 long sword
 D - the +9 flail of Agony {elec, rC+ SInv}
   (You found it on level 4 of the Dungeon)

   Occasionally, upon striking a foe, it will discharge some electrical energy
   and cause terrible harm.
   It protects you from cold.
   It lets you see invisible.
 K - the +5 war axe of Baeguux (weapon) {elec, *Drain rPois rN+++ Dex+3}
   (You found it in a bailey)

   Occasionally, upon striking a foe, it will discharge some electrical energy
   and cause terrible harm.
   It affects your dexterity (+3).
   It protects you from poison.
   It renders you almost immune to negative energy.
   It causes draining when unequipped.
 M - the +6 morningstar "Rulen" {drain, rF+}
   (You took it off an orc on level 7 of the Dungeon)

   A truly terrible weapon, it drains the life of those it strikes.
   It protects you from fire.
Missiles
 e - a tomahawk of dispersal (quivered)
 q - 3 throwing nets
 v - 10 tomahawks of returning
Armour
 b - a +0 leather armour
 o - a +0 ring mail
 C - a +1 cloak (worn)
 E - a +7 plate armour of ponderousness
 P - a +4 troll leather armour (worn)
 Q - the +3 plate armour of the Shrikes {rCorr}
   (You took it off a wight on level 7 of the Dungeon)

   It protects you from acid and corrosion.
Magical Staves
 x - an uncursed staff of death
 S - an uncursed staff of poison {unknown}
 T - an uncursed staff of air {unknown}
Jewellery
 j - a ring of magical power (left hand)
 y - an amulet of magic regeneration (around neck)
 R - a ring of magical power (right hand)
Wands
 w - a wand of disintegration (0/24)
 z - a wand of flame (28/48)
 L - a wand of clouds (4/9)
 V - a wand of iceblast (9/15)
 Y - a wand of iceblast (6/15)
 Z - a wand of confusion (31/48)
Scrolls
 d - 2 scrolls of blinking
 g - 3 scrolls of fear {unknown}
 h - 5 scrolls of enchant armour
 k - 3 scrolls of recharging
 p - 3 scrolls of remove curse
 s - 4 scrolls of teleportation
 t - a scroll of amnesia {unknown}
 A - 3 scrolls of fog {unknown}
 F - 4 scrolls of enchant weapon {unknown}
 J - a scroll of acquirement {unknown}
 O - 2 scrolls of noise {unknown}
Potions
 i - 3 potions of might
 l - 15 potions of blood
 m - 3 potions of haste
 n - 2 potions of resistance {unknown}
 r - 3 potions of curing
 u - 4 potions of agility
 G - a potion of magic
 I - a potion of experience {unknown}
 N - a potion of flight
 U - a potion of heal wounds
 W - a potion of degeneration {unknown}
Books
 c - a book of Spatial Translocations

   Spells                             Type                      Level
   a - Blink                          Translocation                2
   b - Shroud of Golubria             Charms/Translocation         2
   c - Lesser Beckoning               Translocation                3
   d - Gell's Gravitas                Translocation                3
   e - Teleport Other                 Translocation                3
   f - Passage of Golubria            Translocation                4
 H - a book of Necromancy

   Spells                             Type                      Level
   a - Pain                           Necromancy                   1
   b - Animate Skeleton               Necromancy                   1
   c - Vampiric Draining              Necromancy                   3
   d - Regeneration                   Charms/Necromancy            3
   e - Animate Dead                   Necromancy                   4
   f - Control Undead                 Necromancy                   4
 X - a book of Transfigurations

   Spells                             Type                      Level
   a - Irradiate                      Conjuration/Transmutation    5
   b - Statue Form                    Transmutation/Earth          6
   c - Hydra Form                     Transmutation                6
   d - Dragon Form                    Transmutation                7


   Skills:
 - Level 7.2 Fighting
 - Level 5.1 Long Blades
 * Level 11.5(12.0) Axes
 - Level 5.0(8.6) Maces & Flails
 - Level 0.7 Throwing
 - Level 2.1 Armour
 - Level 7.0 Dodging
 + Level 3.6 Spellcasting
 - Level 2.4 Necromancy
 - Level 2.4 Translocations
 * Level 1.3 Transmutations
 * Level 1.0 Earth Magic
 - Level 8.2 Invocations


You couldn't memorise any spells.
You knew the following spells:

 Your Spells              Type           Power        Failure   Level  Hunger
a - Blink                 Tloc           N/A          11%         2    ##.....
b - Passage of Golubria   Tloc           N/A          56%         4    ####...
c - Regeneration          Chrm/Necr      #.........   34%         3    ###....
d - Vampiric Draining     Necr           ##........   21%         3    ###....
e - Statue Form           Tmut/Erth      #........    100%        6    #######


Dungeon Overview and Level Annotations

Branches:
Dungeon (12/15)            Temple (0/1) D:5            Lair (0/6) D:9
    Orc (0/2) D:9

Altars:
Gozag
Hepliaklqana
Makhleb
Nemelex Xobeh
Okawaru
Ru
Sif Muna
Uskayaw
The Shining One

Shops:
D:7 }


Innate Abilities, Weirdness & Mutations

Your natural rate of healing is unusually fast.
You have razor-sharp teeth.
You have supernaturally acute eyesight. (SInv)
You can survive without breathing.


Message History

You hit the white ugly thing.
The white ugly thing is moderately wounded.
You feel sick.
Your orange demon stings the white ugly thing.
Your orange demon misses the white ugly thing.
Unknown command.
You slash the white ugly thing!
The white ugly thing is heavily wounded.
The white ugly thing gores you. The white ugly thing freezes you!!
* * * LOW HITPOINT WARNING * * *
Your orange demon stings the white ugly thing!
Your orange demon hits the white ugly thing.
Unknown command.
Unknown command.
You hit the white ugly thing but do no damage.
The white ugly thing is severely wounded.
The white ugly thing gores you.
* * * LOW HITPOINT WARNING * * *
The white ugly thing freezes you!!
You die...

......#.....#...# ...
.......#.....#.u.###
........###'##.....#
...................#
#..._...............#
#........######....#
#........# .....
####...4u# .....
#....@# .... #.....#
.... #.....######....
####...............
..........().......
........<((.).......
.......#############
.......# .......#


You could see a white ugly thing and a friendly orange demon.

Vanquished Creatures
  An orc warlord (Bailey)
  3 two-headed ogres
  A queen ant (D:10)
  An unseen horror (D:7)
  An ugly thing (D:12)
  Pikel (D:5)
  A gargoyle (D:10)
  3 kobold demonologists
  A queen bee (D:10)
  A troll (D:7)
  Prince Ribbit (D:7)
  A hippogriff (D:7)
  A wyvern (D:12)
  Sigmund (D:5)
  2 yaks (D:9)
  Eustachio (D:5)
  A hungry ghost (D:8)
  9 soldier ants (D:10)
  2 porcupines (D:9)
  2 ice beasts
  2 sky beasts
  A phantom (D:5)
  A black bear (D:6)
  9 orc warriors
  A necrophage (D:10)
  7 centaurs
  5 ogres
  3 crocodiles (D:9)
  3 big kobolds
  6 bullfrogs
  A wyvern zombie (D:11)
  7 scorpions
  19 killer bees (D:10)
  4 wights
  4 howler monkeys
  An electric eel (D:10)
  6 crimson imps
  3 bullfrog zombies
  A quasit (D:11)
  2 jellies
  A centaur skeleton (D:6)
  4 orc priests
  7 hounds
  9 orc wizards
  Crazy Yiuf (D:4)
  2 bullfrog skeletons
  4 iguanas
  37 worker ants
  2 killer bee zombies (D:7)
  2 hound zombies
  2 hound skeletons
  8 adders
  7 gnolls
  2 howler monkey skeletons
  4 shadow imps
  3 adder zombies
  2 worms (D:2)
  A dart slug (D:1)
  3 leopard geckos
  20 orcs
  7 bats
  7 giant cockroaches
  7 goblins
  10 hobgoblins
  15 jackals
  5 quokkas
  A ball python (D:4)
  3 frilled lizards
  27 kobolds
  2 quokka skeletons
  A quokka zombie (D:5)
  8 rats
335 creatures vanquished.

Vanquished Creatures (collateral kills)
  3 two-headed ogres
  A tengu warrior (D:10)
  An ugly thing (D:11)
  2 kobold demonologists (D:11)
  A troll (D:10)
  A yak (D:9)
  3 soldier ants (D:10)
  A black bear (D:8)
  An ogre (D:9)
  2 crocodiles (D:9)
  A bullfrog (D:10)
  9 killer bees (D:10)
  A howler monkey (D:10)
  A bullfrog zombie (D:10)
  A bullfrog skeleton (D:11)
  4 worker ants (D:10)
  An adder (D:11)
  2 orcs (D:8)
36 creatures vanquished.

Vanquished Creatures (others)
  3 fungi (D:9)
  7 plants (D:9)
10 creatures vanquished.

Grand Total: 381 creatures vanquished

Notes
Turn   | Place    | Note
-------+----------+-------------------------------------------
     0 | D:1      | 4thArraOfDagon the Vampire Warper began the quest for the Orb.
     0 | D:1      | Reached XP level 1. HP: 16/16 MP: 3/3
    36 | D:1      | Reached skill level 1 in Armour
    95 | D:1      | Reached XP level 2. HP: 22/22 MP: 5/5
   311 | D:1      | Reached XP level 3. HP: 27/27 MP: 6/6
   528 | D:2      | Reached XP level 4. HP: 23/33 MP: 7/7
   791 | D:3      | Reached skill level 5 in Long Blades
   803 | D:3      | Found a burning altar of Makhleb.
   809 | D:3      | Became a worshipper of Makhleb the Destroyer
   837 | D:3      | Reached XP level 5. HP: 38/38 MP: 8/8
   853 | D:3      | Learned a level 2 spell: Blink
   858 | D:3      | Learned a level 4 spell: Passage of Golubria
  1188 | D:2      | Found an opulent altar of Gozag.
  1380 | D:1      | Reached skill level 1 in Invocations
  1429 | D:1      | Reached * piety under Makhleb
  1667 | D:4      | Reached XP level 6. HP: 32/46 MP: 9/9
  1835 | D:4      | You fall through a shaft for 2 floors!
  1836 | D:6      | Noticed a sky beast
  1862 | D:6      | Killed a sky beast
  1862 | D:6      | Reached XP level 7. HP: 26/52 MP: 10/10
  2152 | D:5      | Entered Level 5 of the Dungeon
  2178 | D:5      | Reached skill level 5 in Dodging
  2328 | D:5      | Found a staircase to the Ecumenical Temple.
  2356 | D:5      | Reached XP level 8. HP: 33/61 MP: 11/11
  2364 | D:5      | Reached ** piety under Makhleb
  2367 | D:5      | Noticed Pikel
  2391 | D:5      | Killed Pikel
  2391 | D:5      | Reached skill level 5 in Fighting
  2436 | D:5      | Noticed Sigmund
  2458 | D:5      | Killed Sigmund
  2458 | D:5      | Reached skill level 5 in Invocations
  2521 | D:5      | Found a deep blue altar of Sif Muna.
  2521 | D:5      | Noticed Eustachio
  2532 | D:5      | Killed Eustachio
  2625 | D:4      | Found a runed door.
  2629 | D:4      | Noticed Crazy Yiuf
  2634 | D:4      | Killed Crazy Yiuf
  2679 | D:4      | Got a brightly glowing flail
  2693 | D:4      | Identified the +9 flail of Agony {elec, rC+ SInv} (You found it on level 4 of the Dungeon)
  2952 | D:7      | Reached XP level 9. HP: 42/69 MP: 13/13
  2958 | D:7      | Reached skill level 1 in Maces & Flails
  2980 | D:7      | Noticed an unseen horror
  3022 | D:7      | Killed an unseen horror
  3039 | D:7      | Found a flagged portal.
  3050 | Bailey   | Entered a bailey
  3064 | Bailey   | Noticed an orc warlord
  3170 | Bailey   | Reached *** piety under Makhleb
  3195 | Bailey   | Found a runed gate.
  3195 | Bailey   | Found a runed gate.
  3196 | Bailey   | Found a runed gate.
  3489 | Bailey   | Killed an orc warlord
  3489 | Bailey   | Reached skill level 5 in Maces & Flails
  3489 | Bailey   | Reached XP level 10. HP: 78/79 MP: 14/14
  3538 | Bailey   | Learned a level 3 spell: Regeneration
  3542 | Bailey   | Learned a level 3 spell: Vampiric Draining
  3554 | Bailey   | Got a scorched war axe
  3555 | Bailey   | Identified the +5 war axe of Baeguux {elec, *Drain rPois rN+++ Dex+3} (You found it in a bailey)
  3630 | D:7      | Reached skill level 1 in Axes
  3681 | D:7      | Found Niorph's Quality Used Wands.
  3689 | D:7      | Bought a wand of clouds (0/9) for 156 gold pieces
  3778 | D:7      | Reached skill level 2 in Axes
  3796 | D:7      | Noticed Prince Ribbit
  3809 | D:7      | Killed Prince Ribbit
  3837 | D:7      | Reached skill level 3 in Axes
  3868 | D:7      | Identified the +4 scimitar of the Inquisitive Songs {slice, Str+2 Dex+6} (You took it off an orc warrior on level 7 of the Dungeon)
  3906 | D:7      | sverre: !subscribe
  3906 | D:7      | beem: Subscribed. I will now watch all games of user sverre
  3997 | D:7      | Got a fine morningstar {drain}
  4044 | D:7      | Reached skill level 4 in Axes
  4173 | D:7      | Got a shimmering plate armour
  4184 | D:7      | Identified the Guide on Dusty Orientation
  4195 | D:7      | Identified the +3 plate armour of the Shrikes {rCorr} (You took it off a wight on level 7 of the Dungeon)
  4422 | D:6      | Reached **** piety under Makhleb
  4487 | D:8      | Reached skill level 5 in Axes
  4501 | D:8      | Noticed a two-headed ogre
  4511 | D:8      | Killed a two-headed ogre
  4511 | D:8      | Reached skill level 6 in Axes
  4661 | D:8      | Found a sacrificial altar of Ru.
  4664 | D:8      | Found an iron altar of Okawaru.
  4667 | D:8      | Found a hide-covered altar of Uskayaw.
  4670 | D:8      | Found a glowing golden altar of the Shining One.
  4741 | D:8      | Identified the +6 morningstar "Rulen" {drain, rF+} (You took it off an orc on level 7 of the Dungeon)
  4955 | D:9      | Noticed a two-headed ogre
  4961 | D:9      | Reached skill level 7 in Axes
  4964 | D:9      | Killed a two-headed ogre
  4964 | D:9      | Reached XP level 11. HP: 62/84 MP: 16/16
  5020 | D:9      | Found a staircase to the Orcish Mines.
  5062 | D:9      | Noticed a two-headed ogre
  5068 | D:9      | Killed a two-headed ogre
  5068 | D:9      | Reached skill level 8 in Axes
  5091 | D:9      | Found a staircase to the Lair.
  5214 | D:10     | Entered Level 10 of the Dungeon
  5294 | D:10     | Noticed a two-headed ogre
  5306 | D:10     | Killed a two-headed ogre
  5306 | D:10     | Reached skill level 9 in Axes
  5516 | D:10     | Noticed a queen ant
  5517 | D:10     | Reached skill level 10 in Axes
  5530 | D:10     | Killed a queen ant
  5569 | D:10     | Reached ***** piety under Makhleb
  5797 | D:10     | Reached skill level 1 in Necromancy
  5899 | D:10     | Noticed a tengu warrior
  5908 | D:10     | Killed a tengu warrior
  5908 | D:10     | Reached XP level 12. HP: 53/90 MP: 18/18
  6013 | D:10     | Found a hazy altar of Hepliaklqana.
  6336 | D:11     | Reached skill level 11 in Axes
  6405 | D:11     | Found a hide-covered altar of Uskayaw.
  6418 | D:11     | Noticed a two-headed ogre
  6427 | D:11     | Killed a two-headed ogre
  6437 | D:11     | Noticed a two-headed ogre
  6443 | D:11     | Killed a two-headed ogre
  6480 | D:11     | Learned a level 6 spell: Statue Form
  6704 | D:12     | Found a sparkling altar of Nemelex Xobeh.
  6747 | D:12     | Reached skill level 1 in Transmutations
  6747 | D:12     | Reached skill level 1 in Earth Magic
  6778 | D:12     | Mangled by a white ugly thing

Vault maps used:
D:1:      onia_arrival_mini_maze_b, minmay_misc_feat_five
D:2:      lemuel_round_altar, first_bread, nrook_mini_backslash
D:3:      makhleb_blood_cavern_becter
D:4:      uniq_crazy_yiuf_cottage
D:5:      cheibrodos_worm_habitat, lemuel_doored_altar,
          minmay_temple_entry_large_hall, hangedman_decor_points,
          uniq_eustachio, uniq_pikel, uniq_sigmund
D:7:      minmay_the_grid_octo_tiled_octocenter, marbit_many_paths,
          enter_bailey_2, nicolae_for_you_no_charge, uniq_prince_ribbit1
D:8:      grunt_temple_overflow_cloverleaf
D:9:      minmay_lair_entry_grove, orc_0_dummy
D:10:     grunt_tengu_nest, hangedman_decor_slide_cut, kennysheep_diamond,
          zaba_anthell
D:11:     basic_altar
D:12:     minmay_bloctagon, basic_altar
Bailey:   bailey_axe_bossmonster_kennysheep, bailey

Skill      XL: |  1  2  3  4  5  6  7  8  9 10 11 12 |
---------------+-------------------------------------+-----
Armour         | 1 2 |  2.1
Long Blades    | 3 4 5 |  5.1
Fighting       | 2 3 4 5 7 |  7.2
Invocations    | 1 2 3 5 6 7 8 |  8.2
Dodging        | 3 4 5 7 |  7.0
Maces & Flails | 5 |  5.0
Axes           | 7 10 11 | 11.5
Necromancy     | 2 |  2.4
Spellcasting   | 3 |  3.6
Transmutations | 1 |  1.3
Earth Magic    | 1 |  1.0
Throwing       | |  0.7
Translocations | |  2.4

Action                   |  1- 3 |  4- 6 |  7- 9 | 10-12 || total
-------------------------+-------+-------+-------+-------++-------
Melee: Falchion          |    20 |       |       |       ||    20
       Short sword       |    78 |   192 |   268 |     2 ||   540
       Bite              |     8 |    17 |    32 |    65 ||   122
       Flail             |       |       |    37 |       ||    37
       War axe           |       |       |       |   622 ||   622
Throw: Tomahawk          |     3 |       |    13 |       ||    16
 Cast: Regeneration      |       |       |       |     6 ||     6
Invok: Minor Destruction |       |       |    12 |     4 ||    16
       Lesser Servant of |       |       |     1 |    15 ||    16
Evoke: Wand              |       |       |     4 |     2 ||     6
  Use: Potion            |     2 |     1 |    11 |     5 ||    19
       Scroll            |       |     7 |     6 |    11 ||    24
 Stab: Sleeping          |     1 |       |       |     1 ||     2
       Distracted        |       |       |       |     5 ||     5
       Confused          |       |       |       |     1 ||     1
  Eat: Corpse            |     6 |     6 |     4 |    13 ||    29
Armor: Leather armour    |    19 |       |       |       ||    19
       Ring mail         |    10 |    49 |    52 |    22 ||   133
       Plate armour      |       |       |       |    39 ||    39
       Troll leather arm |       |       |       |   118 ||   118
Dodge: Dodged            |    67 |    88 |   231 |   394 ||   780
       Rpst.: Falchion   |     7 |       |       |       ||     7

Table legend:
 A = Spawn XP
 B = Non-spawn XP
 C = Spawn XP percentage of total XP
 D = Spawn monster count
 E = Non-spawn monster count
 F = Spawn count percentage of total count
 G = Total turns spent on level
                    A         B        C        D         E        F      G
               +---------+---------+-------+---------+---------+-------+---------
         Total |       0 |   27466 |   0.0 |       0 |     371 |   0.0 |  6778
               +---------+---------+-------+---------+---------+-------+---------
           D:1 |       0 |      56 |   0.0 |       0 |      32 |   0.0 |   536
           D:2 |       0 |     164 |   0.0 |       0 |      24 |   0.0 |   590
           D:3 |       0 |      86 |   0.0 |       0 |      16 |   0.0 |   422
           D:4 |       0 |     395 |   0.0 |       0 |      14 |   0.0 |   450
           D:5 |       0 |    1530 |   0.0 |       0 |      18 |   0.0 |   527
           D:6 |       0 |     738 |   0.0 |       0 |      18 |   0.0 |   496
           D:7 |       0 |    3865 |   0.0 |       0 |      44 |   0.0 |   905
           D:8 |       0 |    1660 |   0.0 |       0 |      18 |   0.0 |   386
           D:9 |       0 |    3811 |   0.0 |       0 |      30 |   0.0 |   352
          D:10 |       0 |    8313 |   0.0 |       0 |     100 |   0.0 |   958
          D:11 |       0 |    3805 |   0.0 |       0 |      23 |   0.0 |   497
          D:12 |       0 |    1019 |   0.0 |       0 |       8 |   0.0 |   109
        Bailey |       0 |    2024 |   0.0 |       0 |      26 |   0.0 |   550
               +---------+---------+-------+---------+---------+-------+---------
